 Dungeon Crawl Stone Soup version 0.31-a0-174-g85c54bcb58 (webtiles) character file.

Game seed: 2263753651778786146

53 qw the Shooter (level 3, -3/23 HPs)
             Began as a Gargoyle Hunter on June 15, 2023.
             Slain by a worm (9 damage)
             ... on level 2 of the Dungeon.
             The game lasted 00:00:14 (930 turns).

qw the Shooter (Gargoyle Hunter)                     Turns: 930, Time: 00:00:15

Health: -3/23      AC:  6    Str: 14    XL:     3   Next: 89%
Magic:  3/3        EV: 11    Int:  9    God:
Gold:   48         SH:  0    Dex: 15    Spells: 2/2 levels left

rFire   . . .        a - +0 shortbow
rCold   . . .        (shield currently unavailable)
rNeg    + . .        c - +0 leather armour
rPois   inf          (no helmet)
rElec   +            (no cloak)
rCorr   .            (no gloves)
SInv    .            (no boots)
Will    .....        (no amulet)
Stlth   ++           (no ring)
HPRegen 0.23/turn    (no ring)
MPRegen 0.08/turn

%: no passive effects
@: no status effects
A: sickness immunity, AC +3, negative energy resistance 1, electricity
resistance, torment resistance 1, petrification resistance
a: no special abilities


You were on level 2 of the Dungeon.
You visited 1 branch of the dungeon, and saw 2 of its levels.

You collected 48 gold pieces.


Innate Abilities, Weirdness & Mutations

You are immune to sickness and miasma.
Your stone body is resilient. (AC +3)
You are immune to poison.
You resist negative energy. (rN+)
You are resistant to electric shocks. (rElec)
You are resistant to unholy torment.
You are immune to petrification.


   Skills:
 - Level 3.0 Fighting
 + Level 5.0 Ranged Weapons
 - Level 1.5 Dodging
 - Level 1.1 Stealth


You had 2 spell levels left.
You didn't know any spells.
Your spell library was empty.

Inventory:

Hand Weapons
 a - a +0 shortbow (weapon)
Armour
 c - a +0 leather armour (worn)
Scrolls
 b - a scroll of noise {unknown}

Dungeon Overview and Level Annotations

Branches:
Dungeon (2/15)

Altars:


Message History

The worm is lightly wounded.
You shoot an arrow.
The arrow hits the worm but does no damage.
The worm is lightly wounded.
You shoot an arrow.
The arrow hits the worm but does no damage.
The worm is lightly wounded.
You shoot an arrow. The arrow barely misses the worm.
A worm comes into view.
You shoot an arrow. The arrow hits the worm.
The worm is moderately wounded.
The worm bites you.
You shoot an arrow. The arrow barely misses the worm.
The worm misses you.
You shoot an arrow. The arrow hits the worm.
The worm is moderately wounded.
The worm closely misses you. The worm bites you.
You shoot an arrow.
The arrow hits the worm but does no damage.
The worm is moderately wounded.
The worm bites you. The worm barely misses you.
You shoot an arrow. The arrow hits the worm.
The worm is heavily wounded.
The worm barely misses you.
You shoot an arrow. The arrow hits the worm.
The worm is severely wounded.
The worm bites you.
You shoot an arrow. The arrow hits the worm.
You kill the worm!
The worm bites you.
Your Fighting skill increases to level 3!
You shoot an arrow. The arrow hits the worm!
The worm is moderately wounded.
You shoot an arrow. The arrow hits the worm.
The worm is heavily wounded.
The worm closely misses you.
You shoot an arrow. The arrow hits the worm!
The worm is almost dead.
The worm bites you!
You die...

# #########
#)#...#.#.#
#.w...#.##
#..#@#..#.#
##. #%##..##
#. ...##..#
#.# ../..##.#
#..##...##..#
#..##.##..##
#..###..#.#
#..#..#.##
#...#.#.#


You could see a worm.

Vanquished Creatures
  3 adders (D:2)
  2 worms (D:2)
  A dart slug (D:1)
  2 ball pythons
  2 bats (D:1)
  4 endoplasms
  A hobgoblin (D:1)
  A quokka (D:1)
  2 goblins (D:1)
  3 rats (D:1)
21 creatures vanquished.

Notes
Turn   | Place    | Note
-------+----------+-------------------------------------------
     0 | D:1      | qw the Gargoyle Hunter began the quest for the Orb.
     0 | D:1      | Reached XP level 1. HP: 12/12 MP: 1/1
     0 | D:1      | 0 ||| qw: Version: 0.2-a-29-g511e9b1
     0 | D:1      | 0 ||| qw: Game counter: 5433
     0 | D:1      | 0 ||| qw: Always use a shield: true
     0 | D:1      | 0 ||| qw: God list: Okawaru
     0 | D:1      | 0 ||| qw: Allow faded altars: false
     0 | D:1      | 0 ||| qw: Do Orc after D:15 true
     0 | D:1      | 0 ||| qw: Do second Lair branch before Depths: true
     0 | D:1      | 0 ||| qw: Lair rune preference: random
     0 | D:1      | 0 ||| qw: Plans: Normal, Zot:1-4, Slime:5, God:TSO, Crypt,
                  | Tomb, Abyss, Pan, Hells, Win
     0 | D:1      | 0 ||| PLANNING D:1-11
   122 | D:1      | Reached XP level 2. HP: 17/17 MP: 2/2
   825 | D:1      | 825 ||| DROPPING scroll of butterflies.
   877 | D:2      | Reached skill level 5 in Ranged Weapons
   877 | D:2      | Reached XP level 3. HP: 21/21 MP: 3/3
   927 | D:2      | HP: 5/22 [worm (3)]
   928 | D:2      | Reached skill level 3 in Fighting
   930 | D:2      | Slain by a worm

Levels and vault maps discovered:
D:1:      nicolae_arrival_somewhat_less_tricky_arrival, layout_basic,
          grunt_decor_arrowhead, hangedman_feature_mirror
D:2:      minmay_diamond_boxcup, layout_loops_ring, basic_altar

Skill      XL: |  1  2  3 |
---------------+----------+-----
Ranged Weapons | 5 |  5.0
Fighting       | 3 |  3.0
Dodging        | |  1.5
Stealth        | |  1.1

Action                     || total
---------------------------++-------
   Fire: Shortbow          ||    69
 Armour: Leather armour    ||     8
  Dodge: Dodged            ||    10

Table legend:
 A = Non-vault XP
 B = Vault XP
 C = Vault XP percentage of total XP
 D = Non-vault monster count
 E = Vault monster count
 F = Vault count percentage of total count
                 A         B        C        D         E       F
            +---------+---------+-------+---------+---------+-------
      Total |      69 |       8 |  10.4 |      18 |       3 |  14.3
            +---------+---------+-------+---------+---------+-------
        D:1 |      24 |       0 |   0.0 |      14 |       0 |   0.0
        D:2 |      45 |       8 |  15.1 |       4 |       3 |  42.9
            +---------+---------+-------+---------+---------+-------
